 Dungeon Crawl Stone Soup version 0.31.0-11-ge490571c62 (webtiles) character file.

Game seed: 9112177613363580914

93 firemarshallily the Sneak (level 4, -2/31 HPs)
             Began as an Octopode Brigand on Feb 4, 2024.
             Slain by an orc wizard
             ... wielding a +0 dagger
              (4 damage)
             ... on level 3 of the Dungeon.
             The game lasted 00:05:10 (1986 turns).

firemarshallily the Sneak (Octopode Brigand)        Turns: 1986, Time: 00:05:10

Health: -2/31      AC:  1    Str: 10    XL:     4   Next: 62%
Magic:  4/4        EV: 13    Int: 13    God:
Gold:   153        SH:  0    Dex: 15    Spells: 3/3 levels left

rFire   . . .        a - +2 dagger
rCold   . . .        (no shield)
rNeg    . . .        (helmet restricted)
rPois   .            (no amulet)
rElec   .            (no ring)
rCorr   .            (no ring)
SInv    .            (no ring)
Will    .....        (no ring)
Stlth   ++++         (no ring)
HPRegen 0.25/turn    (no ring)
MPRegen 0.09/turn    (no ring)
                     (no ring)

%: no passive effects
@: no status effects
A: almost no armour, amphibious, 8 rings, camouflage 1, gelatinous body 1,
(nimble swimmer 1), tentacles
a: no special abilities


You were on level 3 of the Dungeon.
You visited 1 branch of the dungeon, and saw 3 of its levels.

You collected 153 gold pieces.

Inventory:

Hand Weapons
 a - a +2 dagger (weapon)
Missiles
 b - 12 poisoned darts (quivered)
 c - 3 curare-tipped darts
Armour
 e - a +0 buckler
Jewellery
 k - an amulet of faith
Scrolls
 f - 3 scrolls of identify {unknown}
 j - a scroll of blinking {unknown}
 l - a scroll of butterflies {unknown}
 m - a scroll of enchant armour {unknown}
 o - a scroll of fog {unknown}
Potions
 d - a potion of lignification {unknown}
 g - 3 potions of mutation {unknown}
 h - a potion of magic {unknown}
 i - 2 potions of might {unknown}
 n - 2 potions of heal wounds {unknown}


   Skills:
 * Level 3.2 Fighting
 * Level 3.2 Short Blades
 - Level 2.0 Throwing
 + Level 1.4 Dodging
 + Level 5.8 Stealth


You had 3 spell levels left.
You didn't know any spells.
Your spell library contained the following spells:

 Spells                   Type           Power      Damage    Failure   Level
 Sting                    Conj/Alch      0%         1d3       30%         1
 Cigotuvi's Dreadful Rot  Necr/Alch/Air  0%         N/A       43%         2
 Mercury Vapours          Alch/Air       0%         N/A       43%         2
 Frozen Ramparts          Ice            0%         1d1       67%         3
 Ignite Poison            Fire/Alch      0%         N/A       97%         4
 Leda's Liquefaction      Alch/Erth      0%         N/A       97%         4
 Olgreb's Toxic Radiance  Alch           0%         N/A       97%         4
 Petrify                  Alch/Erth      0%         N/A       97%         4
 Freezing Cloud           Conj/Ice/Air   0%         6-21      100%        5
 Metabolic Englaciation   Hex/Ice        0%         N/A       100%        5


Dungeon Overview and Level Annotations

Branches:
Dungeon (3/15)

Altars:
Fedhas
Gozag
Kikubaaqudgha
Okawaru
Ru

Shops:
D:3 *

Annotations:
D:2 Sigmund


Innate Abilities, Weirdness & Mutations

You cannot wear most types of armour.
You are amphibious.
You can wear up to eight rings at the same time.
Your skin changes colour to match your surroundings (Stealth+).
Your rubbery body absorbs attacks. (AC +1, EV +1)
((You are camouflaged when in or above water. (Stealth+)))
You have tentacles for arms and can constrict up to eight enemies at once.


Message History

You constrict the ball python, but do no damage.
The ball python closely misses you. The ball python grabs you.
The ball python constricts you. The orc hits you with a +0 morningstar!
You hit the orc. You grab the orc. You squeeze the orc.
The orc is severely wounded.
You constrict the orc.
You kill the orc!
You constrict the ball python. The ball python bites you.
The ball python constricts you. The orc hits you with a +0 short sword.
The orc wizard gestures wildly while chanting.
The orc wizard flickers and vanishes!
Deactivating autopickup; reactivate with Ctrl-A.
You hit the orc. You grab the orc.
The orc is heavily wounded.
You constrict the orc. You constrict the ball python.
The ball python bites you. The ball python constricts you.
You hit the orc but do no damage.
The orc is severely wounded.
You constrict the orc, but do no damage.
You constrict the ball python.
You kill the ball python!
The orc struggles to escape constriction.
You hit the orc but do no damage. You squeeze the orc.
You kill the orc!
Something hits you.
You see here a +0 morningstar.
You hit the orc. You grab the orc. You squeeze the orc.
You kill the orc!
You hear some strange, mumbled words.
Something tries to affect you, but you resist.
You closely miss something. Something hits you.
You hit something. Something hits you.
* * * LOW HITPOINT WARNING * * *
You completely miss something. Something hits you.
* * * LOW HITPOINT WARNING * * *
You hit something but do no damage. You hit something. Something hits you.
* * * LOW HITPOINT WARNING * * *
You hit something but do no damage. Something hits you.
You die...

...#####. .....
......... ♣..#.###
..#####. ♣......##
#. ♣P♣...... #.
♣..P.#.# #. .
♣♣.....# #.
...♣♣P.....######
###.
#.......†@)......
#...
#####...{.######
#.#. #...$.....#
#.#. #.#######.#
#.#. ##.# .# #.#.
#..# #######
##♣#♣#♣#♣ #.##
#.....# #........
#.#
#.PPP.######.♣#♣.♣#♣
###.# #...P.'......#
#..##


There were no monsters in sight!

Vanquished Creatures
  3 adders (D:2)
  A dart slug (D:1)
  A ribbon worm (D:2)
  4 orcs (D:3)
  6 endoplasms
  3 giant cockroaches (D:2)
  5 hobgoblins
  7 kobolds
  4 quokkas
  6 ball pythons
  3 bats
  4 frilled lizards
  5 goblins
  3 rats
55 creatures vanquished.

Notes
Turn   | Place    | Note
-------+----------+-------------------------------------------
     0 | D:1      | firemarshallily the Octopode Brigand began the quest for
                  | the Orb.
     0 | D:1      | Reached XP level 1. HP: 14/14 MP: 1/1
   116 | D:1      | Reached XP level 2. HP: 19/19 MP: 2/2
   762 | D:1      | Reached XP level 3. HP: 25/25 MP: 3/3
   835 | D:2      | Noticed Sigmund
  1124 | D:2      | Reached XP level 4. HP: 31/31 MP: 4/4
  1328 | D:2      | Found a blossoming altar of Fedhas.
  1514 | D:3      | Found Gozag's Platinum Reserve.
  1514 | D:3      | Found an opulent altar of Gozag.
  1602 | D:3      | Found an ancient bone altar of Kikubaaqudgha.
  1664 | D:3      | Found a sacrificial altar of Ru.
  1922 | D:3      | Found an iron altar of Okawaru.
  1986 | D:3      | Slain by an orc wizard

Illustrated notes

Levels and vault maps discovered:
D:1:      onia_arrival_pyramid, layout_basic, minmay_misc_feat_chi
D:2:      layout_loops_cross, basic_altar, chequers_serial_rivers_small_3,
          st_stairs_4, uniq_sigmund
D:3:      layout_loops_ring, mainiacjoe_overflow_24_doors,
          mainiacjoe_overflow_alcove_4, nicolae_gozag_zags_fifth_avenue,
          mainiacjoe_overflow_boulevard, serial_forest,
          infiniplex_forest_diagonal, infiniplex_forest_straight_2,
          infiniplex_forest_lined_3_way, infiniplex_forest_straight_1,
          infiniplex_forest_lined_2, infiniplex_forest_straight_3,
          infiniplex_forest_clump_medium, infiniplex_forest_clump_medium,
          goddamned_bats

Skill      XL: |  1  2  3 |
---------------+----------+-----
Fighting       | 3 |  3.2
Short Blades   | 3 |  3.2
Throwing       | |  2.0
Dodging        | |  1.4
Stealth        | |  5.8

Action                     |  1- 3 |  4- 6 || total
---------------------------+-------+-------++-------
  Melee: Dagger            |    55 |    40 ||    95
         Tentacles         |     8 |     7 ||    15
         Constrict         |     6 |     8 ||    14
         Punch             |     1 |       ||     1
   Stab: Sleeping          |    13 |    10 ||    23
 Armour: Skin              |    17 |    14 ||    31
  Dodge: Dodged            |    18 |    10 ||    28
